 Dungeon Crawl Stone Soup version 0.28.0-45-g0d030f2227 (webtiles) character file.

Game seed: 11991462962720161143

30 protoss039 the Conjurer (level 3, 0/26 HPs)
             Began as a Demonspawn Conjurer on May 13, 2022.
             Slain by a gnoll
             ... wielding a +0 flail
              (8 damage)
             ... on level 1 of the Dungeon.
             The game lasted 00:01:54 (1952 turns).

protoss039 the Conjurer (Demonspawn Conjurer)       Turns: 1952, Time: 00:01:55

Health: 0/26       AC:  3    Str:  7    XL:     3   Next: 5%
Magic:  1/6        EV: 11    Int: 21    God:
Gold:   31         SH:  0    Dex: 11    Spells: 6/7 levels left

rFire   . . .      SeeInvis .   d - +0 short sword
rCold   . . .      Faith    .   (no shield)
rNeg    . . .      Spirit   .   f - +0 leather armour
rPois   .          Reflect  .   (no helmet)
rElec   .          Harm     .   (no cloak)
rCorr   .          Rampage  .   (no gloves)
Will    .....                   (no boots)
Stlth   +.........              (no amulet)
HPRegen 0.08/turn               e - ring of flight
MPRegen 0.10/turn               (no ring)

@: flying
A: weakness stinger 2
a: no special abilities


You were on level 1 of the Dungeon.
You visited 1 branch of the dungeon, and saw 2 of its levels.

You collected 31 gold pieces.

Inventory:

Hand Weapons
 d - a +0 short sword (weapon)
Armour
 f - a +0 leather armour (worn)
Jewellery
 e - a ring of flight (left hand)
Scrolls
 b - 2 scrolls of blinking {unknown}
Potions
 a - a potion of attraction {unknown}
 c - a potion of resistance {unknown}
 g - a potion of heal wounds {unknown}


   Skills:
 * Level 1.3 Fighting
 - Level 1.7 Dodging
 - Level 1.7 Stealth
 + Level 2.5 Spellcasting
 + Level 4.3 Conjurations


You had 6 spell levels left.
You knew the following spells:

 Your Spells              Type           Power      Damage    Failure   Level
a - Magic Dart            Conj           80%        1d7       3%          1

Your spell library contained the following spells:

 Spells                   Type           Power      Damage    Failure   Level
 Searing Ray              Conj           40%        2d5       5%          2
 Dazzling Flash           Conj/Hex       22%        N/A       26%         3
 Fulminant Prism          Conj/Hex       5%         3d7       65%         4
 Iskenderun's Mystic Bla  Conj/Tloc      11%        2d4       65%         4


Dungeon Overview and Level Annotations

Branches:
Dungeon (2/15)

Altars:


Innate Abilities, Weirdness & Mutations

You have a tail ending in a sharp stinger.


Message History

Confirm with . or Enter, or press ? or * to list all spells.
Aiming: Magic Dart (safe; 3% risk of failure)
Press: ? - help, Shift-Dir - straight line, f/p - gnoll
Aim: a gnoll, wielding a +0 flail (lightly wounded, 100% to hit)
The magic dart hits the gnoll.
The gnoll is moderately wounded.
Unknown command.
The gnoll barely misses you.
The gnoll shaman calls upon its god to heal the gnoll.
The gnoll's wounds heal themselves!
You fly upwards.
There is a stone staircase leading down here.
Unknown command.
Casting: Magic Dart (safe; 3% risk of failure)
Confirm with . or Enter, or press ? or * to list all spells.
Aiming: Magic Dart (safe; 3% risk of failure)
Press: ? - help, Shift-Dir - straight line, f - gnoll
Aim: a gnoll, wielding a +0 flail (100% to hit)
The magic dart hits the gnoll.
The gnoll is moderately wounded.
The gnoll hits you with a +0 flail!
Unknown command.
Casting: Magic Dart (safe; 3% risk of failure)
Confirm with . or Enter, or press ? or * to list all spells.
Aiming: Magic Dart (safe; 3% risk of failure)
Press: ? - help, Shift-Dir - straight line, f/p - gnoll
Aim: a gnoll, wielding a +0 flail (moderately wounded, 100% to hit)
The magic dart hits the gnoll.
The gnoll is severely wounded.
The gnoll hits you with a +0 flail.
Unknown command.
Casting: Magic Dart (safe; 3% risk of failure)
Confirm with . or Enter, or press ? or * to list all spells.
Aiming: Magic Dart (safe; 3% risk of failure)
Press: ? - help, Shift-Dir - straight line, f/p - gnoll
Aim: a gnoll, wielding a +0 flail (severely wounded, 100% to hit)
The magic dart hits the gnoll.
The gnoll is almost dead.
The gnoll hits you with a +0 flail!
You die...

#.......######....
#.......# #...8.
#.###########..### #.#
#...'##### #.# #.#####.#
########.### #.#####.##
#..........# #.........
#.......g..########......
#.......@...............#
#........).########.#....
#..........# #.#....
#..........# #.#....
#..........# #.#.#..
#####..........# #.#.#.#
#.......######### #.#.#..
#.......# #....# #.#.###
#.......# #....# #.#.# #


You could see a gnoll.

Vanquished Creatures
  A gnoll (D:1)
  2 ball pythons (D:1)
  An endoplasm (D:1)
  2 giant cockroaches (D:1)
  A goblin (D:1)
  3 hobgoblins
  2 bats
  2 frilled lizards (D:1)
  3 kobolds (D:1)
  A rat (D:1)
18 creatures vanquished.

Notes
Turn   | Place    | Note
-------+----------+-------------------------------------------
     0 | D:1      | protoss039 the Demonspawn Conjurer began the quest for the
                  | Orb.
     0 | D:1      | Reached XP level 1. HP: 13/13 MP: 3/3
   918 | D:1      | Gained mutation: You have a small tail. [demonic ancestry]
   918 | D:1      | Reached XP level 2. HP: 19/19 MP: 1/5
   983 | D:1      | Found a faded altar of an unknown god.
  1583 | D:2      | Reached skill level 1 in Fighting
  1727 | D:1      | Gained mutation: You have a tail ending in a sharp stinger.
                  | [demonic ancestry]
  1727 | D:1      | Reached XP level 3. HP: 8/26 MP: 3/6
  1952 | D:1      | Slain by a gnoll

Illustrated notes

Levels and vault maps discovered:
D:1:      minmay_arrival_stair_chambers, layout_basic,
          hellmonk_ecumenical_altar_slurped_away
D:2:      layout_loops_cross, serial_shops, shop, nicolae_shop_hallway_stairs,
          minmay_circle_x

Skill      XL: |  1  2 |
---------------+-------+-----
Fighting       | 1 |  1.3
Dodging        | |  1.7
Stealth        | |  1.7
Spellcasting   | |  2.5
Conjurations   | |  4.3

Action                   || total
-------------------------++-------
Melee: Unarmed           ||    11
       Short sword       ||    40
       Tailslap          ||     3
       Punch             ||     1
 Cast: Magic Dart        ||    32
Armor: Robe              ||    12
       Leather armour    ||     8
Dodge: Dodged            ||    41
